[Event "Titled Tuesday Blitz July 25 Late 2023"]
[White "Martinez Alcantara, Jose Eduardo"]
[Black "Alex_Sahakyan2006"]
[WhiteFideId "3805662"]
[WhiteElo "3004"]
[BlackElo "2740"]
[Result "1-0"]
[Round "5"]
[TimeControl "180+2"]
[Date "2023.07.25"]
[WhiteClock "0:00:40"]
[BlackClock "0:00:00"]
[Board "8"]

1. e4 c5 2. Nf3 e6 3. c3 Nf6 4. Bd3 Nc6 5. Bc2 d5 6. e5 Nd7 7. d4 b5 8. O-O Be7 9. Re1 b4 10. a3 bxc3 11. bxc3 Nb6 12. Nbd2 cxd4 13. cxd4 Na5 14. Nf1 Ba6 15. Ng3 Rc8 16. Nh5 Kf8 17. Bd3 Bxd3 18. Qxd3 Qc7 19. Bd2 Nac4 20. Bf4 h6 21. g4 g6 22. Ng3 Nb2 23. Qd2 Qc3 24. Bxh6+ Ke8 25. Be3 Qxd2 26. Nxd2 Kd7 27. Nf3 Rc3 28. Kg2 N6c4 29. a4 Rb8 30. Re2 Rbb3 31. Nf1 Ra3 32. Rb1 Rab3 33. h4 Nxa4 34. Ra1 Ncb6 35. h5 gxh5 36. gxh5 Rc8 37. Rea2 Rb4 38. h6 Rg8+ 39. Kh3 Rh8 40. N1h2 a5 41. Ng4 Kc6 42. Bd2 Rc4 43. Bxa5 Kb7 44. Bxb6 Nxb6 45. Ra7+ Kc6 46. Rxe7 Rc3 47. Kg2 Nc4 48. Rxf7 Rg8 49. Rg7 Rf8 50. Nf6 Rb8 51. h7 Rc2 52. Kg3 Nd2 53. Nxd2 Rxd2 54. Rg8 1-0


[Site "https://www.chess.com"]

[Event "Titled Tuesday Blitz July 25 Late 2023"]
[White "Matlakov, Maxim"]
[Black "Carlsen, Magnus"]
[WhiteFideId "4168003"]
[BlackFideId "1503014"]
[WhiteElo "2973"]
[BlackElo "3254"]
[Result "0-1"]
[Round "5"]
[TimeControl "180+2"]
[Date "2023.07.25"]
[WhiteClock "0:00:00"]
[BlackClock "0:00:11"]
[Board "9"]

1. e4 a5 2. d4 e6 3. Nf3 d5 4. e5 b6 5. c3 Ne7 6. h4 h6 7. h5 c5 8. Na3 Ba6 9. Nb5 Nec6 10. Be2 Qd7 11. a4 cxd4 12. cxd4 Bb4+ 13. Kf1 Na7 14. Nc3 Bxe2+ 15. Nxe2 Nbc6 16. Rh3 O-O-O 17. Rg3 Rhg8 18. Nf4 Kb7 19. Be3 Ne7 20. Nh4 Rc8 21. Kg1 Qe8 22. Rc1 Rxc1 23. Bxc1 Nac6 24. Be3 g5 25. hxg6 fxg6 26. Nxe6 g5 27. Nxg5 hxg5 28. Rxg5 Rxg5 29. Bxg5 Qg8 30. Bxe7 Nxe7 31. g3 Qh7 32. Qg4 Kc7 33. Nf3 Qe4 34. Qh5 Kd7 35. Ng5 Qf5 36. Kg2 Nc6 37. g4 Qf4 38. e6+ Kd6 39. f3 Nxd4 40. Qg6 Bd2 41. e7+ Kxe7 42. Qg7+ Kd6 43. Nf7+ Kc5 44. Qf8+ Kc4 45. Nd6+ Kd3 46. Qe7 Qxf3+ 47. Kg1 Ne2+ 0-1


[Site "https://www.chess.com"]

[Event "Titled Tuesday Blitz July 25 Late 2023"]
[White "Naroditsky, Daniel"]
[Black "Dardha, Daniel"]
[WhiteFideId "2026961"]
[BlackFideId "240990"]
[WhiteElo "3146"]
[BlackElo "2877"]
[Result "1/2-1/2"]
[Round "5"]
[TimeControl "180+2"]
[Date "2023.07.25"]
[WhiteClock "0:00:52"]
[BlackClock "0:01:11"]
[Board "10"]

1. d4 d5 2. Nc3 Nf6 3. Bf4 c5 4. e4 Nxe4 5. Nxe4 dxe4 6. dxc5 Qa5+ 7. c3 Qxc5 8. Qa4+ Nc6 9. Qxe4 g6 10. Nf3 Bg7 11. Rd1 O-O 12. Be3 Qa5 13. Bc4 Bf5 14. Qh4 Ne5 15. Nxe5 Qxe5 16. O-O Bf6 17. Qg3 Rfd8 18. Qxe5 Bxe5 19. h3 h5 20. Bd5 Rd7 21. Bf3 Rad8 22. Rxd7 Rxd7 23. Re1 a6 24. Rd1 Rxd1+ 25. Bxd1 Be4 26. Bf3 Bxf3 27. gxf3 Kg7 28. Kf1 Kf6 29. Ke2 Kf5 30. Kd3 Bf4 31. c4 1/2-1/2


[Site "https://www.chess.com"]

[Event "Titled Tuesday Blitz July 25 Late 2023"]
[White "Bluebaum, Matthias"]
[Black "Rasulov, Vugar"]
[WhiteFideId "24651516"]
[BlackFideId "13402390"]
[WhiteElo "3040"]
[BlackElo "2874"]
[Result "1-0"]
[Round "5"]
[TimeControl "180+2"]
[Date "2023.07.25"]
[WhiteClock "0:00:55"]
[BlackClock "0:00:02"]
[Board "11"]

1. d4 Nf6 2. c4 e6 3. Nc3 Bb4 4. e3 O-O 5. Bd2 d5 6. Nf3 b6 7. cxd5 exd5 8. Rc1 Bb7 9. Bd3 Nbd7 10. O-O a6 11. Ne5 Bd6 12. f4 c5 13. Qf3 Rc8 14. Qh3 Bxe5 15. dxe5 Ne4 16. Bxe4 dxe4 17. Rcd1 Qe7 18. Be1 f5 19. Rd6 Rc6 20. Bh4 Qe8 21. Rfd1 Rxd6 22. Rxd6 Nb8 23. e6 Nc6 24. Nd5 Qh5 25. Qg3 Nd4 26. exd4 cxd4 27. h3 Bxd5 28. Rxd5 d3 29. Rd7 Qg6 30. Qxg6 hxg6 31. Kf2 Rc8 32. Rd8+ Rxd8 33. Bxd8 Kf8 34. Bxb6 Ke7 35. Bd4 Kxe6 36. Bxg7 Kd5 37. b3 Kc5 38. Bc3 Kd5 39. Ke3 Ke6 40. Kd4 Kd6 41. Bd2 Ke6 42. Kc5 Kf6 43. b4 g5 44. fxg5+ Ke5 45. g3 1-0


[Site "https://www.chess.com"]

[Event "Titled Tuesday Blitz July 25 Late 2023"]
[White "Grischuk, Alexander"]
[Black "Zhigalko, Sergei"]
[WhiteFideId "4126025"]
[BlackFideId "13502956"]
[WhiteElo "3030"]
[BlackElo "2872"]
[Result "1/2-1/2"]
[Round "5"]
[TimeControl "180+2"]
[Date "2023.07.25"]
[WhiteClock "0:00:04"]
[BlackClock "0:00:07"]
[Board "12"]

1. d4 Nf6 2. Bf4 e6 3. e3 b6 4. Nf3 Bb7 5. Nbd2 Nh5 6. Bg5 Be7 7. h4 h6 8. Bxe7 Qxe7 9. g4 Nf6 10. Rg1 Ne4 11. Nxe4 Bxe4 12. Bd3 Bb7 13. c3 d6 14. Qe2 Nd7 15. Ba6 Bxa6 16. Qxa6 O-O 17. g5 h5 18. O-O-O g6 19. Nd2 d5 20. e4 c6 21. f4 dxe4 22. Nxe4 Rfc8 23. Rge1 Rc7 24. Kb1 b5 25. Qa5 Rac8 26. a3 Kg7 27. Qb4 Nb6 28. Nf6 Nd5 29. Nxd5 cxd5 30. Qxe7 Rxe7 31. Kc2 a5 32. Kd3 Rec7 33. Ra1 Kf8 34. Reb1 Ke7 35. Ra2 Rc4 36. Rba1 Kd6 37. Rb1 Kd7 38. Rba1 R8c7 39. Rb1 Kc8 40. Rba1 Kb7 41. Rb1 Kb6 42. Rba1 R4c6 43. Kd2 Rc4 44. Kd3 Rc8 45. Kd2 R8c7 46. Kd3 1/2-1/2


[Site "https://www.chess.com"]

[Event "Titled Tuesday Blitz July 25 Late 2023"]
[White "Bortnyk, Olexandr"]
[Black "Nguyen, Ngoc Truong Son"]
[WhiteFideId "14120828"]
[BlackFideId "12401110"]
[WhiteElo "3013"]
[BlackElo "2871"]
[Result "1-0"]
[Round "5"]
[TimeControl "180+2"]
[Date "2023.07.25"]
[WhiteClock "0:00:26"]
[BlackClock "0:00:00"]
[Board "13"]

1. e4 e5 2. Bc4 Nf6 3. d3 c6 4. Nf3 d5 5. Bb3 Bb4+ 6. Bd2 Bd6 7. Nc3 d4 8. Ne2 h6 9. O-O c5 10. h3 Nc6 11. c3 O-O 12. cxd4 cxd4 13. Rc1 Qe7 14. Ng3 Be6 15. Nh4 Rfd8 16. Ngf5 Qe8 17. Qf3 Bxb3 18. Bxh6 Bf8 19. Bxg7 Bxg7 20. axb3 Qf8 21. Qg3 Kh7 22. Qg5 Ng8 23. f4 Bh6 24. Qh5 Nf6 25. Qxh6+ Qxh6 26. Nxh6 Kxh6 27. fxe5 Nd7 28. Rxf7 Ncxe5 29. Re7 Rf8 30. Rc7 Rad8 31. Nf5+ Kg5 32. Nxd4 Rc8 33. Rexd7 Nxd7 34. Rxd7 Kf6 35. Rxb7 Rfd8 36. Nf3 Rxd3 37. e5+ Kf5 38. Rxa7 Rc2 39. Rf7+ Ke6 40. Rf6+ Ke7 41. h4 Rxb3 42. h5 Rbxb2 43. Rg6 Rc1+ 44. Kh2 Rc3 45. Kg3 Rcc2 46. Kh3 Rc1 47. g4 Rh1+ 48. Kg3 Rb3 49. Rf6 Rg1+ 50. Kh4 Rf1 51. Nd4 Rh1+ 52. Kg5 Rd3 53. Nf5+ Ke8 54. h6 Rd7 55. e6 1-0


[Site "https://www.chess.com"]

[Event "Titled Tuesday Blitz July 25 Late 2023"]
[White "Leitao, Rafael"]
[Black "Kramnik, Vladimir"]
[WhiteFideId "2101246"]
[BlackFideId "4101588"]
[WhiteElo "2802"]
[BlackElo "3000"]
[Result "0-1"]
[Round "5"]
[TimeControl "180+2"]
[Date "2023.07.25"]
[WhiteClock "0:00:03"]
[BlackClock "0:00:24"]
[Board "14"]

1. c4 c5 2. g3 g6 3. Bg2 Bg7 4. Nc3 Nc6 5. Nf3 d6 6. d3 e5 7. a3 Nge7 8. Rb1 a5 9. Nd2 O-O 10. Nf1 f5 11. Ne3 Kh8 12. Ned5 Nxd5 13. Nxd5 Be6 14. O-O Rb8 15. Bd2 b5 16. cxb5 Rxb5 17. Qa4 Qb8 18. Nc7 Qxc7 19. Qxb5 Nd4 20. Qxa5 Nxe2+ 21. Kh1 Qd7 22. b4 f4 23. gxf4 Bh3 24. f3 Bh6 25. bxc5 Bxf4 26. cxd6 Bxg2+ 27. Kxg2 Qxd6 28. Bb4 Qf6 29. Bxf8 Qg5+ 30. Kh1 Qh4 0-1


[Site "https://www.chess.com"]

[Event "Titled Tuesday Blitz July 25 Late 2023"]
[White "Cesar Maestre, Bernardo"]
[Black "Sargsyan, Shant"]
[WhiteFideId "24542547"]
[BlackFideId "13306766"]
[WhiteElo "2541"]
[BlackElo "2991"]
[Result "0-1"]
[Round "5"]
[TimeControl "180+2"]
[Date "2023.07.25"]
[WhiteClock "0:00:00"]
[BlackClock "0:01:27"]
[Board "15"]

1. e4 c6 2. d4 d5 3. Nc3 dxe4 4. Nxe4 Nf6 5. Nxf6+ exf6 6. Be3 Bd6 7. Bd3 O-O 8. Ne2 Re8 9. O-O Qc7 10. h3 Nd7 11. c4 Nf8 12. c5 Be7 13. Nf4 Ng6 14. Qf3 Qd8 15. Rad1 Nxf4 16. Bxf4 Be6 17. a3 f5 18. Be5 g6 19. Rfe1 Bf6 20. b4 Bxe5 21. dxe5 Qh4 22. Bc2 a5 23. Qc3 axb4 24. axb4 Ra2 25. Rd2 f4 26. Red1 Qg5 27. Be4 Rxd2 28. Rxd2 Ra8 29. b5 cxb5 30. Bxb7 Ra4 31. c6 Rc4 32. Qd3 Qxe5 33. Qd8+ Kg7 34. Rd1 f3 35. g3 b4 36. Qb6 h5 37. Ba6 Rc2 38. Qxb4 Rxc6 39. Bf1 Rc3 40. h4 Rc2 41. Qd4 Qxd4 42. Rxd4 Rc1 0-1


[Site "https://www.chess.com"]

[Event "Titled Tuesday Blitz July 25 Late 2023"]
[White "Yanchenko, Roman"]
[Black "Firouzja, Alireza"]
[WhiteFideId "4137329"]
[BlackFideId "12573981"]
[WhiteElo "2734"]
[BlackElo "3101"]
[Result "1/2-1/2"]
[Round "5"]
[TimeControl "180+2"]
[Date "2023.07.25"]
[WhiteClock "0:00:36"]
[BlackClock "0:00:05"]
[Board "16"]

1. d4 Nf6 2. c4 g6 3. Nf3 Bg7 4. Nc3 O-O 5. Bf4 d6 6. e3 Nbd7 7. Be2 Nh5 8. Bg3 Nxg3 9. hxg3 e5 10. dxe5 dxe5 11. Qc2 c6 12. Rd1 Qe7 13. Ne4 Nc5 14. Nd6 e4 15. Nxc8 Raxc8 16. Nd4 Rcd8 17. O-O Rfe8 18. Nb3 Na4 19. Nd4 Nxb2 20. Qxb2 c5 21. Nc6 bxc6 22. Qc2 h5 23. Rxd8 Rxd8 24. Rd1 Rb8 25. Rb1 Rb6 26. Rxb6 axb6 27. Qd2 Be5 28. a4 Bc7 29. Bd1 Qe6 30. Qe2 Qd6 31. Kf1 Qe5 32. Qd2 Qa1 33. Qd7 Be5 34. Qd2 Bc3 35. Qc2 Bb4 36. g4 hxg4 37. g3 f5 38. Kg2 Kf7 39. Be2 Ke7 40. Qd1 Qb2 41. Kf1 Bc3 42. Kg2 Be5 43. Kf1 Bd6 44. Kg2 Qh8 45. Qh1 Qxh1+ 46. Kxh1 Kd7 47. Kg2 Kc7 48. a5 bxa5 49. Bd1 g5 50. Ba4 Be5 51. Kf1 Kd6 52. Kg2 f4 53. Kh2 f3 54. Kg1 Bc3 55. Kf1 Bd2 56. Kg1 Ke5 57. Kf1 Bc3 58. Kg1 Bd4 59. Kf1 Kd6 60. Kg1 Be5 61. Kf1 Kd7 62. Kg1 Kc7 63. Kf1 Kb7 64. Kg1 Bd6 65. Kf1 Bc7 66. Kg1 Bb6 67. Kf1 Kc7 68. Kg1 Kd6 69. Kf1 Ke5 70. Kg1 Bc7 71. Kf1 Ke6 72. Bxc6 a4 73. Bxa4 Kd6 74. Be8 Ba5 75. Bh5 Bc3 76. Bxg4 Ke5 77. Bh5 Bb4 78. Be8 Ba5 79. Bc6 Bc7 80. Bd5 Bd8 81. Kg1 Be7 82. Kh2 Bd8 83. Bc6 Bc7 84. Bb7 Bb6 85. Kh3 Bc7 86. Kh2 Bd8 87. Kg1 Bc7 88. Bc6 Ba5 89. Bb7 Bc3 90. Bc6 Kf5 91. Bd7+ Ke5 92. Bc6 Kf5 93. Bb7 Bb4 94. Bc6 g4 95. Bb7 Bc3 96. Kf1 Be5 97. Bc8+ Kg5 98. Bd7 Bd6 99. Be6 Bc7 100. Bg8 Kf5 101. Bd5 Ba5 102. Bb7 Bd2 103. Bc8+ Kg5 104. Bd7 Bc3 105. Bc6 Kf5 106. Kg1 Be5 107. Bd7+ Kg5 108. Be6 Bd6 109. Kf1 Be5 110. Ke1 Bc3+ 111. Kf1 Bb4 112. Bd7 Ba5 113. Bc8 Bb4 114. Be6 Ba5 115. Bg8 Kf5 116. Bd5 Bb4 117. Bc6 Ba5 118. Bb7 Bb4 119. Bc8+ Kg5 120. Bb7 Kf5 121. Bc8+ Kg5 1/2-1/2


[Site "https://www.chess.com"]

[Event "Titled Tuesday Blitz July 25 Late 2023"]
[White "Boyer, Mahel"]
[Black "Nihal Sarin"]
[WhiteFideId "45102422"]
[BlackFideId "25092340"]
[WhiteElo "2685"]
[BlackElo "3073"]
[Result "0-1"]
[Round "5"]
[TimeControl "180+2"]
[Date "2023.07.25"]
[WhiteClock "0:00:00"]
[BlackClock "0:00:53"]
[Board "17"]

1. e4 Nf6 2. e5 Nd5 3. d4 d6 4. Nf3 c6 5. exd6 exd6 6. c4 Nf6 7. Bd3 d5 8. O-O Be7 9. Nc3 O-O 10. h3 h6 11. Bf4 Be6 12. c5 Re8 13. b4 Nbd7 14. Re1 Nf8 15. a4 Qc8 16. Ne5 Bf5 17. b5 Bxd3 18. Qxd3 Bd8 19. Bg3 Ba5 20. Re3 Bxc3 21. Qxc3 Ne4 22. Qd3 f6 23. Ng4 Qd7 24. Rae1 Re6 25. Bf4 Rae8 26. Nh2 Ng6 27. Bg3 f5 28. Be5 Nxe5 29. dxe5 Rxe5 30. Qd4 R5e6 31. Nf3 Qe7 32. bxc6 bxc6 33. Nd2 Qxc5 34. Nb3 Qe7 35. f3 Ng5 36. Rxe6 Nxe6 37. Qe5 Qf7 38. Nc5 Nc7 39. Qa1 Re7 40. Rxe7 Qxe7 41. Qd4 Kh7 42. Nd3 Ne8 43. Ne5 Qd6 44. Nd3 Qe7 45. Ne5 Qa3 46. Nxc6 Qc1+ 47. Kh2 Qxc6 48. Qxa7 Qd6+ 49. Kg1 d4 50. Qf7 Nf6 51. h4 d3 52. Qe6 Qxe6 0-1


[Site "https://www.chess.com"]

[Event "Titled Tuesday Blitz July 25 Late 2023"]
[White "Sarana, Alexey"]
[Black "Fisher_TheGalactic"]
[WhiteFideId "24133795"]
[WhiteElo "3035"]
[BlackElo "2686"]
[Result "1-0"]
[Round "5"]
[TimeControl "180+2"]
[Date "2023.07.25"]
[WhiteClock "0:01:45"]
[BlackClock "0:00:28"]
[Board "18"]

1. Nf3 d5 2. c4 e6 3. d4 Nf6 4. Nc3 c6 5. Bg5 Be7 6. e3 O-O 7. Qc2 h6 8. Bf4 Nbd7 9. h3 b6 10. cxd5 exd5 11. Bd3 Bb7 12. O-O Re8 13. Bf5 Nf8 14. Rfd1 Bd6 15. Be5 Bc8 16. Rac1 Bxf5 17. Qxf5 Rc8 18. Bxf6 Qxf6 19. Qxf6 gxf6 20. Rc2 Rc7 21. Nh4 Rec8 22. Nf5 Bb4 23. Nxh6+ Kh7 24. Nf5 Ne6 25. Rdc1 Kg6 26. g4 Bxc3 27. Rxc3 c5 28. dxc5 bxc5 29. Kg2 Rb8 30. b3 Rb4 31. Kg3 Ng5 32. f3 Ne6 33. h4 c4 34. bxc4 Rbxc4 35. Rxc4 dxc4 36. Rc3 Rb7 37. Rxc4 Rb5 38. Rc8 Ra5 39. Rh8 Rxf5 40. gxf5+ Kxf5 41. Rh5+ Kg6 42. Ra5 Ng7 43. e4 Nh5+ 44. Kg4 Ng7 45. f4 Kh6 46. Rxa7 Kg6 47. f5+ Kh6 48. Rxf7 Nh5 49. a4 Ng7 50. a5 Kh7 51. a6 1-0


[Site "https://www.chess.com"]

[Event "Titled Tuesday Blitz July 25 Late 2023"]
[White "Tabatabaei, M. Amin"]
[Black "Salimova, Nurgyul"]
[WhiteFideId "12521213"]
[BlackFideId "2915138"]
[WhiteElo "3025"]
[BlackElo "2682"]
[Result "0-1"]
[Round "5"]
[TimeControl "180+2"]
[Date "2023.07.25"]
[WhiteClock "0:01:20"]
[BlackClock "0:00:04"]
[Board "19"]

1. b4 b5 2. e4 Bb7 3. Nc3 e5 4. Bxb5 Bxb4 5. Qg4 Nf6 6. Qxg7 Rg8 7. Qh6 Bxc3 8. dxc3 Nxe4 9. Qxh7 Nf6 10. Qh4 Bxg2 11. Bg5 Rxg5 12. Qxg5 Bxh1 13. O-O-O Qe7 14. Re1 Be4 15. f3 Qa3+ 16. Kd2 Qd6+ 17. Kc1 Qa3+ 18. Kb1 Qxc3 19. Rxe4 Nxe4 20. fxe4 Qb4+ 21. Kc1 Qxb5 22. Qg8+ Ke7 23. Qg5+ Kd6 24. Qf6+ Kc5 25. Nf3 Nc6 26. Qxf7 Kb6 27. Nd2 Rh8 28. h4 Kb7 29. h5 Qc5 30. Nf3 Nd4 31. Nxd4 exd4 32. Qb3+ Kc8 33. Qa4 Kb8 34. Qb3+ Ka8 35. e5 Rxh5 36. Qf3+ Kb8 37. Qxh5 Kb7 38. Qf3+ Kb6 39. Qb3+ Kc6 40. Qf3+ Qd5 41. Qg3 Qxa2 42. Qg6+ Qe6 43. Qe4+ Qd5 44. Qg6+ Kc5 45. Qf6 a5 46. Qe7+ Kc6 47. Qf6+ Kb7 48. Qe7 d3 49. cxd3 Qxd3 50. Kb2 Qb5+ 51. Kc1 Qd5 52. Kc2 Kb6 53. Qe8 Qc5+ 54. Kb2 Qb4+ 55. Kc2 Qc4+ 56. Kb2 Qd4+ 57. Kc2 Kb7 58. Kb3 Qb4+ 59. Ka2 Qb5 60. Qh5 a4 61. Qf3+ Kb8 62. Qf8+ Ka7 63. Qe7 Qb3+ 64. Ka1 a3 65. Qc5+ Kb7 66. Qf2 Qb2+ 0-1


[Site "https://www.chess.com"]

[Event "Titled Tuesday Blitz July 25 Late 2023"]
[White "Weetik, Vjacheslav"]
[Black "Mamedov, Rauf"]
[WhiteFideId "4153472"]
[BlackFideId "13401653"]
[WhiteElo "2671"]
[BlackElo "3018"]
[Result "0-1"]
[Round "5"]
[TimeControl "180+2"]
[Date "2023.07.25"]
[WhiteClock "0:00:00"]
[BlackClock "0:00:08"]
[Board "20"]

1. d4 d6 2. Nf3 Nf6 3. Bg5 Nbd7 4. Nbd2 g6 5. c3 Bg7 6. e4 h6 7. Bh4 O-O 8. Be2 e5 9. dxe5 Nxe5 10. Nxe5 dxe5 11. Qc2 c6 12. O-O Qe7 13. a4 g5 14. Bg3 h5 15. Nc4 b5 16. axb5 cxb5 17. Nb6 axb6 18. Rxa8 h4 19. Bxb5 hxg3 20. hxg3 Bb7 21. Ra7 Bxe4 22. Rxe7 Bxc2 23. Rxe5 Ne4 24. Re7 Nd6 25. Be2 b5 26. Ra1 Nc4 27. Raa7 Bb3 28. Rab7 Nd6 29. Rb6 Rd8 30. Bxb5 Be6 31. Be2 Bf6 32. Ra7 Kg7 33. Raa6 Ne4 34. Rxe6 fxe6 35. Rxe6 Nc5 36. Rc6 Rd2 37. Rxc5 Rxe2 38. Rb5 Re1+ 39. Kh2 Rb1 40. Rb7+ Kg6 41. Rb4 Be7 42. Rb6+ Kf7 43. Rb7 Ke6 44. g4 Bc5 45. Kg3 Rd1 46. Kf3 Rd2 47. b4 Bxf2 48. Rb5 Bg1 49. Rxg5 Rc2 50. Ke4 Rxc3 51. b5 Rc4+ 52. Kf3 Rb4 53. Rf5 Bd4 54. Ke4 Be5+ 55. Kf3 Rxb5 56. Rh5 Rb3+ 57. Ke4 Rb4+ 58. Kf3 Rf4+ 59. Kg3 Rf1+ 60. Kh4 Bf6+ 61. Kg3 Be5+ 62. Kh4 Bf4 63. g5 Kf5 64. g6+ Kxg6 65. Kg4 Be3 66. Re5 Bd4 67. Re6+ Bf6 68. g3 Ra1 69. Rc6 Ra4+ 70. Kf3 Kf5 71. Rc5+ Be5 72. g4+ Ke6 73. Rc6+ Bd6 74. g5 Rf4+ 75. Ke3 Rg4 76. Ra6 Rxg5 77. Ke4 Rg4+ 78. Kf3 Rb4 79. Ke3 Kd5 80. Kf3 Rb3+ 81. Ke2 Bc5 82. Ra8 Kc4 83. Rc8 Re3+ 84. Kd2 Rf3 85. Rc7 Rf2+ 86. Ke1 Rh2 87. Kf1 Kd4 0-1


[Site "https://www.chess.com"]

[Event "Titled Tuesday Blitz July 25 Late 2023"]
[White "Paravyan, David"]
[Black "Wieczorek, Oskar"]
[WhiteFideId "4194985"]
[BlackFideId "1133950"]
[WhiteElo "3010"]
[BlackElo "2670"]
[Result "1-0"]
[Round "5"]
[TimeControl "180+2"]
[Date "2023.07.25"]
[WhiteClock "0:02:05"]
[BlackClock "0:00:00"]
[Board "21"]

1. e4 e5 2. Nf3 Nc6 3. Bb5 a6 4. Ba4 Nf6 5. O-O Be7 6. Re1 b5 7. Bb3 d6 8. c3 O-O 9. h3 a5 10. a4 b4 11. d4 bxc3 12. bxc3 exd4 13. Nxd4 Nxd4 14. cxd4 d5 15. exd5 Bb4 16. Re5 Bd6 17. Nc3 Rb8 18. Nb5 Ba6 19. Bc4 h6 20. Nxd6 cxd6 21. Bxa6 dxe5 22. Ba3 Qxd5 23. Bxf8 Rxf8 24. dxe5 Qxe5 25. Rb1 Re8 26. Bb5 Rc8 27. Qd2 Qc3 28. Qxc3 Rxc3 29. Rd1 g6 30. f3 Rc2 31. g4 h5 32. Rd6 Nh7 33. gxh5 Ng5 34. hxg6 Nxf3+ 35. Kf1 f5 36. Rd7 1-0


[Site "https://www.chess.com"]

[Event "Titled Tuesday Blitz July 25 Late 2023"]
[White "Kevlishvili, Robby"]
[Black "brm72"]
[WhiteFideId "1040634"]
[WhiteElo "3002"]
[BlackElo "2662"]
[Result "1-0"]
[Round "5"]
[TimeControl "180+2"]
[Date "2023.07.25"]
[WhiteClock "0:01:38"]
[BlackClock "0:00:04"]
[Board "22"]

1. Nf3 c5 2. g3 Nc6 3. Bg2 g6 4. O-O Bg7 5. c4 e5 6. Nc3 d6 7. d3 Nge7 8. a3 a5 9. Rb1 O-O 10. Nd2 Be6 11. Nd5 Rb8 12. b3 h6 13. Bb2 Kh7 14. Bc3 f5 15. b4 axb4 16. axb4 cxb4 17. Nxb4 d5 18. cxd5 Nxd5 19. Bxd5 Bxd5 20. Nxd5 Qxd5 21. Rb6 Rfc8 22. Nc4 Nd4 23. Bxd4 Qxd4 24. Qb3 e4 25. Rxb7 Rxb7 26. Qxb7 Rd8 27. Rd1 h5 28. Ne3 exd3 29. Rxd3 Qa1+ 30. Kg2 Rxd3 31. exd3 Qd4 32. Qd5 Qb2 33. Nc4 Qe2 34. Qf3 Qc2 35. Nd6 Qc3 36. h4 Qd4 37. Nf7 Qb2 38. Ng5+ Kg8 39. Qd5+ Kh8 40. Qd8+ 1-0


[Site "https://www.chess.com"]

[Event "Titled Tuesday Blitz July 25 Late 2023"]
[White "Santos Latasa, Jaime"]
[Black "Bjelobrk, Igor"]
[WhiteFideId "2293307"]
[BlackFideId "4300726"]
[WhiteElo "2992"]
[BlackElo "2660"]
[Result "1-0"]
[Round "5"]
[TimeControl "180+2"]
[Date "2023.07.25"]
[WhiteClock "0:00:19"]
[BlackClock "0:00:00"]
[Board "23"]

1. e4 e6 2. d4 d5 3. e5 c5 4. c3 Nc6 5. Nf3 Qb6 6. a3 c4 7. Nbd2 Na5 8. Rb1 Bd7 9. h4 f5 10. b4 cxb3 11. Nxb3 Ba4 12. Nfd2 Nh6 13. Qc2 Rc8 14. Rh3 Be7 15. Qa2 Qc7 16. Nxa5 Qxa5 17. Nb3 Qc7 18. Bxh6 gxh6 19. Qd2 Qb6 20. Bd3 Bxb3 21. Bc2 Qa5 22. Rxb3 Bf8 23. Rxb7 Qxa3 24. Qd1 Kd8 25. Qh5 Rc7 26. Rb8+ Rc8 27. Rxc8+ Kxc8 28. Qe8+ Kc7 29. Qxe6 Qc1+ 30. Bd1 Ba3 31. Rg3 1-0


[Site "https://www.chess.com"]

[Event "Titled Tuesday Blitz July 25 Late 2023"]
[White "He, Anthony"]
[Black "Danielyan, Vahe"]
[WhiteFideId "2088215"]
[BlackFideId "13304828"]
[WhiteElo "2976"]
[BlackElo "2644"]
[Result "1-0"]
[Round "5"]
[TimeControl "180+2"]
[Date "2023.07.25"]
[WhiteClock "0:00:59"]
[BlackClock "0:00:00"]
[Board "24"]

1. d4 g6 2. Nc3 d5 3. Bf4 Nf6 4. e3 a6 5. h4 b5 6. h5 Nxh5 7. Rxh5 gxh5 8. Qxh5 Be6 9. Nf3 Nd7 10. Nxd5 Bxd5 11. Qxd5 Nb6 12. Qh5 Qd5 13. Ne5 Bg7 14. a4 Nxa4 15. c4 Qe6 16. cxb5 Nxb2 17. bxa6 O-O 18. Be2 Rfb8 19. Bg4 Qb3 20. Bf5 h6 21. Kf1 Rb6 22. a7 Rf6 23. Kg1 Nc4 24. Be4 Qc3 25. Qd1 Nb6 26. Bxa8 Nxa8 27. Nd7 Rg6 28. Ne5 Bxe5 29. Bxe5 Qc6 30. d5 Qc4 31. Qf3 f6 32. d6 c6 33. dxe7 Kf7 34. Bxf6 Rxf6 35. Qxf6+ 1-0


[Site "https://www.chess.com"]

[Event "Titled Tuesday Blitz July 25 Late 2023"]
[White "Anton Guijarro, David"]
[Black "Ehlvest, Jaan"]
[WhiteFideId "2285525"]
[BlackFideId "4500016"]
[WhiteElo "2970"]
[BlackElo "2631"]
[Result "1-0"]
[Round "5"]
[TimeControl "180+2"]
[Date "2023.07.25"]
[WhiteClock "0:00:26"]
[BlackClock "0:00:19"]
[Board "25"]

1. d4 Nf6 2. Nf3 e6 3. Bg5 d5 4. Nbd2 Be7 5. e3 Nbd7 6. Bd3 b6 7. c3 Bb7 8. Ne5 Nxe5 9. dxe5 Nd7 10. Bxe7 Qxe7 11. f4 d4 12. Be4 Bxe4 13. Nxe4 dxc3 14. Nxc3 O-O 15. O-O Nc5 16. Qc2 Rad8 17. Rfd1 a5 18. Rd4 f6 19. exf6 Qxf6 20. Rxd8 Rxd8 21. Rd1 Rxd1+ 22. Qxd1 g5 23. Qg4 h6 24. h4 Kg7 25. hxg5 hxg5 26. fxg5 Qf5 27. Qh4 Qh7 28. Qd4+ Kg6 29. Qf6+ Kh5 30. Ne2 Qd7 31. Ng3+ Kh4 32. Qf4# 1-0


[Site "https://www.chess.com"]

[Event "Titled Tuesday Blitz July 25 Late 2023"]
[White "Xiong, Jeffery"]
[Black "Tanaka, Taira Tyler"]
[WhiteFideId "2047640"]
[BlackFideId "7002351"]
[WhiteElo "2967"]
[BlackElo "2630"]
[Result "1-0"]
[Round "5"]
[TimeControl "180+2"]
[Date "2023.07.25"]
[WhiteClock "0:01:26"]
[BlackClock "0:00:00"]
[Board "26"]

1. e4 e5 2. Nf3 Nf6 3. Nxe5 d6 4. Nf3 Nxe4 5. d3 Nf6 6. d4 d5 7. Bd3 c5 8. O-O c4 9. Re1+ Be7 10. Bf1 O-O 11. b3 cxb3 12. axb3 Nc6 13. c3 Bf5 14. Na3 Re8 15. Nc2 h6 16. Ne3 Bh7 17. Bd3 Ne4 18. Bb2 Rc8 19. Nxd5 Qxd5 20. c4 Qh5 21. Bxe4 Bxe4 22. Rxe4 Bf6 23. Qe2 Red8 24. d5 Bxb2 25. Qxb2 Nb4 26. Rxa7 b5 27. h3 Nd3 28. Qd4 bxc4 29. bxc4 Nc5 30. Rg4 g6 31. Ne5 Ne6 32. Qe3 Rc7 33. Rxc7 Nxc7 34. Nxf7 Kxf7 35. Qf4+ Qf5 36. Qxc7+ Kg8 37. Qxd8+ 1-0


[Site "https://www.chess.com"]

[Event "Titled Tuesday Blitz July 25 Late 2023"]
[White "Omelja, Artem"]
[Black "Svane, Rasmus"]
[WhiteFideId "14119846"]
[BlackFideId "4657101"]
[WhiteElo "2628"]
[BlackElo "2964"]
[Result "0-1"]
[Round "5"]
[TimeControl "180+2"]
[Date "2023.07.25"]
[WhiteClock "0:00:00"]
[BlackClock "0:01:19"]
[Board "27"]

1. d4 d5 2. c4 e6 3. Nc3 a6 4. cxd5 exd5 5. Nf3 Nf6 6. Bg5 Be6 7. e3 Nbd7 8. Bd3 c6 9. O-O Bd6 10. Qd2 Qc7 11. Rac1 Bg4 12. h3 Bxf3 13. gxf3 h6 14. Bxf6 Nxf6 15. Kg2 O-O 16. f4 Kh8 17. Bb1 Rg8 18. Kh1 g5 19. fxg5 Rxg5 20. Qe2 Rag8 21. Qf3 Qe7 22. Rg1 Bb4 23. Ne2 Ne4 24. Rxg5 Rxg5 25. Nf4 Nd2 26. Qd1 Nxb1 27. Rxb1 Qe4+ 28. Kh2 Bd6 29. Qf1 Bxf4+ 30. exf4 Qxf4+ 31. Kh1 Qxd4 32. Re1 Re5 33. Rd1 Qe4+ 34. Kh2 Qf4+ 35. Kh1 Qf3+ 36. Kh2 Re2 37. Kg1 Rxf2 0-1


[Site "https://www.chess.com"]

[Event "Titled Tuesday Blitz July 25 Late 2023"]
[White "Czernek, Tymon"]
[Black "Tari, Aryan"]
[WhiteFideId "1199510"]
[BlackFideId "1510045"]
[WhiteElo "2627"]
[BlackElo "2933"]
[Result "1-0"]
[Round "5"]
[TimeControl "180+2"]
[Date "2023.07.25"]
[WhiteClock "0:00:20"]
[BlackClock "0:00:00"]
[Board "28"]

1. e4 c5 2. Nf3 Nc6 3. d4 cxd4 4. Nxd4 Nf6 5. Nc3 e5 6. Ndb5 d6 7. Bg5 a6 8. Na3 b5 9. Bxf6 gxf6 10. Nd5 f5 11. Bd3 Be6 12. c3 Bxd5 13. exd5 Ne7 14. Nxb5 Bg7 15. Na3 O-O 16. O-O e4 17. Bc2 Qc8 18. Bb3 Qc5 19. Qd2 Ng6 20. Qe3 Qc7 21. Rae1 a5 22. Nb5 Qd7 23. a4 Rae8 24. f4 exf3 25. Qxf3 f4 26. Qf2 Ne5 27. Bc2 Bh6 28. Qh4 Kg7 29. Nd4 Ng6 30. Qh5 Rxe1 31. Rxe1 Re8 32. Rf1 Re5 33. Nf5+ Rxf5 34. Qxf5 Qa7+ 35. Kh1 Qb6 36. Rb1 Qf2 37. Be4 Qd2 38. b4 Qxc3 39. b5 f3 40. Qxf3 Qd4 41. b6 Ne5 42. Qf5 1-0


[Site "https://www.chess.com"]